Map: Dusk Towers

Players

LilDicky

  • Race: Terran Terran
  • League: Diamond

Straylight - Winner!

  • Race: Protoss Protoss
  • League: Diamond

VOD

http://www.twitch.tv/tumescentpie

Description

Time

  • Played on: Jan. 1, 2016, 9:04 p.m.
  • Length: 6:40
Show
View Real Time Build Order
Export as new Build Order

LilDicky Terran 

Build Orders: MMM Bio 

Get SALT Encoding   

  12  0:01  SCV  
  13  0:13  SCV  
  14  0:17  Supply Depot  
  14  0:25  SCV  
  15  0:39  SCV  
  16  0:43  Refinery  
  16  0:44  Barracks  
  16  0:51  SCV  
  17  1:03  SCV  
  18  1:17  SCV  
  19  1:31  Marine  
  19  1:32  Supply Depot, Orbital Command  
  20  1:46  Factory  
  20  1:51  Marine  
  21  2:00  SCV  
  22  2:10  Barracks Reactor  
  22  2:13  SCV  
  23  2:16  Barracks  
  23  2:17  Barracks  
  23  2:25  SCV  
  23  2:27  Refinery  
  24  2:37  SCV  
  25  2:50  SCV  
  25  2:51  Marine x2  
  28  2:59  Widow Mine  
  28  3:02  SCV  
  28  3:04  Barracks Tech Lab x2  
  31  3:24  Combat Shields  
  31  3:25  Stimpack  
  31  3:29  Marine  
  31  3:31  Supply Depot  
  31  3:46  Starport  
  31  3:48  Supply Depot  
  31  3:52  SCV, Marine x4  
  36  4:04  SCV  
  37  4:10  Marine x4  
  37  4:17  SCV  
  42  4:20  Supply Depot  
  42  4:24  Medivac  
  42  4:28  Marine  
  42  4:29  SCV  
  47  4:34  Marine  
  47  4:40  Supply Depot  
  47  4:42  Marauder x2  
  51  4:46  Marine  
  51  4:50  SCV  
  51  4:52  Marine  
  54  5:00  Concussive Shells  
  54  5:01  Medivac  
  54  5:03  Marine x3  
  59  5:10  Marine  
  60  5:20  Marine  
  59  5:23  Marine x2  
  61  5:31  Medivac  
  61  5:39  Marauder  
  61  5:41  Marauder  
  60  5:47  Marine x2  
  61  6:00  Marauder  
  63  6:11  Marine x3  
  63  6:12  Supply Depot  
  62  6:21  Marine  
Show
View Real Time Build Order
Export as new Build Order

Straylight Protoss - Winner!

Build Orders: 1 Gate Expand 

Get SALT Encoding   

  12  0:01  Probe (Chrono Boost)  
  13  0:12  Probe (Chrono Boost)  
  14  0:18  Pylon  
  14  0:23  Probe (Chrono Boost)  
  15  0:36  Probe (Chrono Boost)  
  16  0:43  Gateway  
  16  0:47  Probe (Chrono Boost)  
  17  0:57  Probe (Chrono Boost)  
  18  1:08  Probe (Chrono Boost)  
  19  1:18  Nexus  
  19  1:24  Assimilator  
  19  1:36  Cybernetics Core  
  19  1:39  Pylon  
  19  1:41  Probe (Chrono Boost)  
  20  1:50  Assimilator  
  19  1:54  Probe (Chrono Boost)  
  20  2:05  Probe (Chrono Boost)  
  21  2:15  Adept  
  23  2:16  Warp Gate  
  23  2:18  Probe (Chrono Boost)  
  24  2:28  Probe (Chrono Boost)  
  25  2:33  Probe (Chrono Boost)  
  26  2:39  Probe (Chrono Boost)  
  28  2:44  Probe (Chrono Boost)  
  28  2:45  Pylon  
  28  2:50  Mothership Core (Chrono Boost)  
  30  2:51  Adept  
  30  2:52  Pylon  
  32  3:19  Probe x2 (Chrono Boost)  
  34  3:29  Probe (Chrono Boost)  
  34  3:30  Probe (Chrono Boost)  
  36  3:43  Gateway, Probe (Chrono Boost)  
  36  3:44  Probe (Chrono Boost)  
  36  3:46  Gateway  
  38  3:48  Robotics Facility  
  38  3:50  Pylon  
  38  3:52  Pylon  
  38  3:54  Probe x2 (Chrono Boost)  
  40  4:05  Probe x2 (Chrono Boost)  
  42  4:10  Gateway x2  
  42  4:15  Probe x2 (Chrono Boost)  
  44  4:26  Probe x2 (Chrono Boost)  
  44  4:28  Assimilator  
  44  4:30  Twilight Council  
  46  4:32  Assimilator  
  46  4:36  Observer (Chrono Boost)  
  47  4:41  Probe  
  47  4:42  Probe  
  47  4:43  Forge  
  49  4:45  Adept  
  49  4:50  Stalker  
  49  4:51  Probe  
  53  4:54  Probe  
  55  5:05  Warp Prism (Chrono Boost)  
  57  5:16  Adept  
  57  5:20  Nexus  
  59  5:30  Adept x3  
  53  5:48  Adept x2  
  56  5:50  Immortal (Chrono Boost)  
  56  5:56  Adept x2  
  56  5:57  Adept  
  62  6:12  Adept x2  
  64  6:27  Stalker x2  
  64  6:28  Stalker  
  70  6:35  Nexus  
Tags
 
Add a new tag
Caveats
  • Supply blocks, unpowered buildings, or Contaminate may cause inaccurate times.
  • Supply counts are checked every 10 seconds.